 Dungeon Sprint DCSS version 0.21.1-1-g345015f (webtiles) character file.

1808 Fang the Cleaver (level 9, -6/65 HPs)
             Began as a Gargoyle Berserker on July 8, 2018.
             Was a High Priest of Trog.
             Mangled by Blork the orc
             ... wielding a +0 glaive
              (13 damage)
             ... in the Dungeon (Sprint VII: "The Pits") on July 9, 2018.
             The game lasted 00:03:18 (743 turns).

Fang the Cleaver (Gargoyle Berserker)                Turns: 743, Time: 00:03:18

Health: -6/65      AC:  8    Str: 23    XL:     9   Next: 10%
Magic:  3/3        EV: 15    Int:  9    God:    Trog [*****.]
Gold:   0          SH:  0    Dex:  9    Spells: 8/8 levels left

rFire    . . .     SeeInvis .   o - +5 battleaxe (antimagic)
rCold    . . .     Gourm    .   (shield currently unavailable)
rNeg     + . .     Faith    .   b - +0 animal skin
rPois    ∞         Spirit   .   (no helmet)
rElec    +         Reflect  .   (no cloak)
rCorr    .         Harm     .   (no gloves)
MR       .....     NoTele   +   (no boots)
Stlth    +.........             (no amulet)
HPRegen  0.20/turn              (no ring)
MPRegen  0.08/turn              (no ring)

@: berserk cooldown, slowed, very slow
A: negative energy resistance 1, electricity resistance, unbreathing,
petrification resistance, rot immunity, AC +6
a: Berserk, Trog's Hand, Brothers in Arms, Burn Spellbooks, Renounce Religion


You were in the Dungeon.
You worshipped Trog.
Trog was extremely pleased with you.
You were hungry.

You visited 1 branch

Inventory:

Hand Weapons
 j - a +2 hand axe
 m - a +2 hand axe of freezing
 o - a +5 antimagic battleaxe (weapon)
Armour
 b - a +0 animal skin (worn)
Scrolls
 i - a scroll of blinking
 k - 3 scrolls of remove curse
 l - a scroll of summoning
Potions
 a - 2 potions of invisibility
 d - 6 potions of curing
 e - 4 potions of heal wounds
 f - a potion of haste
 g - 4 potions of magic
 h - 3 potions of berserk rage
Comestibles
 c - 9 rations


   Skills:
 + Level 11.9 Fighting
 + Level 12.9 Axes
 + Level 5.5 Armour
 + Level 6.8 Dodging
 + Level 1.3 Stealth


You had 8 spell levels left.
You didn't know any spells.

Dungeon Overview and Level Annotations

Branches:
Dungeon (1/1)

Altars:
Cheibriados
Dithmenos
Elyvilon
Fedhas
Gozag
Hepliaklqana
Makhleb
Nemelex Xobeh
Okawaru
Qazlal
Ru
Sif Muna
Trog
Vehumet
Wu Jian
Xom
Yredelemnul
Zin
The Shining One
Beogh
Jiyva
Lugonu

Annotations:
D exclusion: door, Blork the orc


Innate Abilities, Weirdness & Mutations

You are resistant to torment.
Your stone body is resilient. (AC +6)
You are immune to poison.
You resist negative energy. (rN+)
You are resistant to electric shocks. (rElec)
You can survive without breathing.
You are immune to petrification.
You are immune to rotting.


Message History

Trog accepts your kill.
Trog will gift you weapons as you gain piety.
You have reached level 9!
Your experience leads to an increase in your attributes!
Increase (S)trength, (I)ntelligence, or (D)exterity?
You feel stronger. Something barely misses you.
Something hits you but does no damage. Something hits you!
* * * LOW HITPOINT WARNING * * *
Something hits you but does no damage.
You see here an elephant corpse.
You butcher the elephant corpse.
Your troll rages. x2
Things that are here:
6 chunks of flesh; an elephant skeleton Eat one of 6 chunks of flesh? (ye/n/q)
You eat one of the 6 chunks of flesh.
This raw flesh tastes terrible.
You are feeling hungry.
Something hits you!
You die...

#.#.....#..##.......#
#.####'##'###...<...#
#.#........##.......#
#.#........##.......#
#'###########.......#
#().....#.. #########
#)†.#...#.######
#...#...#.#.T..#
#.##.##.#)#@O..#
#...#...#.'..{.+
#...#...#)#....#
#.......'.#....#
################


You could see a friendly troll (berserk) and a friendly ogre (berserk).

Vanquished Creatures
  A gargoyle (D)
  A flying skull (D)
  A hungry ghost (D)
  Edmund (D)
  A water moccasin (D)
  An orc warrior (D)
  A black bear (D)
  A necrophage (D)
  An orc wizard (D)
  An adder (D)
  2 ufetubi (D)
  2 orcs (D)
  A ball python (D)
  2 bats (D)
  2 bat zombies (D)
  A giant cockroach (D)
  A frilled lizard (D)
  2 kobolds (D)
23 creatures vanquished.

Vanquished Creatures (collateral kills)
  Erica (D)
  An elephant (D)
2 creatures vanquished.

Grand Total: 25 creatures vanquished

Notes
Turn   | Place    | Note
-------+----------+-------------------------------------------
     0 | D        | Fang the Gargoyle Berserker began the quest for the Orb.
     0 | D        | Reached XP level 1. HP: 14/14 MP: 1/1
    18 | D        | Reached skill level 3 in Axes
    20 | D        | Found a bloodstained altar of Trog.
    20 | D        | Found a deep blue altar of Sif Muna.
    20 | D        | Found a viscous altar of Jiyva.
    20 | D        | Found a hazy altar of Hepliaklqana.
    20 | D        | Found an opulent altar of Gozag.
    21 | D        | Found a glowing golden altar of the Shining One.
    21 | D        | Found a glowing silver altar of Zin.
    21 | D        | Found a basalt altar of Yredelemnul.
    21 | D        | Found a shimmering altar of Xom.
    21 | D        | Found an ornate altar of the Wu Jian Council.
    21 | D        | Found a sacrificial altar of Ru.
    21 | D        | Found a stormy altar of Qazlal.
    21 | D        | Found an iron altar of Okawaru.
    21 | D        | Found a sparkling altar of Nemelex Xobeh.
    21 | D        | Found a burning altar of Makhleb.
    21 | D        | Found a blossoming altar of Fedhas.
    21 | D        | Found a white marble altar of Elyvilon.
    21 | D        | Found a shadowy altar of Dithmenos.
    21 | D        | Found a snail-covered altar of Cheibriados.
    23 | D        | Found a radiant altar of Vehumet.
    23 | D        | Found a corrupted altar of Lugonu.
    23 | D        | Found a roughly hewn altar of Beogh.
    75 | D        | Reached ** piety under Trog
    75 | D        | Reached XP level 2. HP: 8/20 MP: 2/2
   403 | D        | Reached *** piety under Trog
   404 | D        | Reached skill level 4 in Axes
   404 | D        | Reached XP level 3. HP: 25/25 MP: 3/3
   499 | D        | Noticed a necrophage
   499 | D        | Noticed an orc warrior
   499 | D        | Noticed a black bear
   499 | D        | Noticed a flying skull
   503 | D        | Reached **** piety under Trog
   503 | D        | Received a gift from Trog
   503 | D        | Reached skill level 5 in Fighting
   508 | D        | Killed an orc warrior
   508 | D        | Reached skill level 6 in Axes
   508 | D        | Reached XP level 4. HP: 22/32 MP: 4/4
   508 | D        | Reached XP level 5. HP: 25/37 MP: 5/5
   508 | D        | Killed a flying skull
   508 | D        | Reached skill level 8 in Axes
   508 | D        | Reached XP level 6. HP: 31/45 MP: 6/6
   511 | D        | Killed a necrophage
   511 | D        | Reached skill level 9 in Axes
   511 | D        | Reached ***** piety under Trog
   511 | D        | Received a gift from Trog
   522 | D        | Killed a black bear
   522 | D        | Reached XP level 7. HP: 43/52 MP: 7/7
   601 | D        | Noticed a gargoyle
   603 | D        | Killed a gargoyle
   603 | D        | Reached skill level 10 in Fighting
   603 | D        | Reached skill level 10 in Axes
   603 | D        | Reached skill level 5 in Armour
   603 | D        | Reached skill level 5 in Dodging
   682 | D        | Noticed a hungry ghost
   682 | D        | Noticed Edmund
   689 | D        | Killed Edmund
   689 | D        | Reached skill level 11 in Axes
   689 | D        | Reached XP level 8. HP: 59/59 MP: 2/8
   724 | D        | Noticed Blork the orc
   724 | D        | Noticed Erica
   724 | D        | Noticed an elephant
   739 | D        | Killed Erica
   739 | D        | Reached skill level 12 in Axes
   739 | D        | Reached skill level 1 in Stealth
   740 | D        | Killed an elephant
   740 | D        | Reached XP level 9. HP: 14/65 MP: 3/9
   743 | D        | Mangled by Blork the orc

Skill      XL: |  1  2  3  4  5  6  7  8 |
---------------+-------------------------+-----
Axes           | 3 4 6 8 9 11 12 | 12.9
Fighting       | 4 6 8 9 10 11 | 11.9
Dodging        | 2 3 4 5 6 |  6.8
Armour         | 3 4 5 |  5.5
Stealth        | 1 |  1.3

Action                   |  1- 3 |  4- 6 |  7- 9 || total
-------------------------+-------+-------+-------++-------
Melee: Hand axe          |    29 |     9 |       ||    38
       Battleaxe         |       |       |    23 ||    23
Invok: Berserk           |     3 |       |     3 ||     6
       Brothers in Arms  |       |       |     2 ||     2
  Use: Potion            |       |     1 |     1 ||     2
  Eat: Chunk             |       |       |     6 ||     6
Armor: Animal skin       |    19 |     7 |    13 ||    39
Dodge: Dodged            |    27 |    21 |    35 ||    83
